 Dungeon Crawl Stone Soup version 0.32-a0-599-gba8f9cf90e (webtiles) character file.

Game seed: 15477989330468056496

253 runemasterragnar the Chopper (level 6, -6/72 HPs)
             Began as a Coglin Berserker on Mar 2, 2024.
             Was a Follower of Trog.
             Succumbed to Duvessa's poison
             ... on level 4 of the Dungeon.
             The game lasted 00:02:41 (2570 turns).

runemasterragnar the Chopper (Coglin Berserker)     Turns: 2570, Time: 00:02:42

Health: -6/72      AC: 12    Str: 20    XL:     6   Next: 14%
Magic:  6/6        EV:  8    Int:  6    God:    Trog [*.....]
Gold:   181        SH:  0    Dex: 13    Spells: 5/5 levels left

rFire   . . .        a - +0 hand axe {Chinhae}
rCold   . . .        h - +0 hand axe {Hayata}
rNeg    . . .        b - +0 chain mail
rPois   .            (no helmet)
rElec   .            d - +0 cloak
rCorr   .            k - +0 pair of gloves
SInv    .            e - +0 pair of boots
Will    .....        (amulet unavailable) Stlth
                     (ring unavailable)
HPRegen 0.32/turn    (ring unavailable)
MPRegen 0.10/turn    (no gizmo)

%: no passive effects
@: berserking, lethally poisoned (-6 -> -66), revving, very quick
A: off-hand wielding, slow wielding, warmup strikes, no jewellery
a: Invent Gizmo, Renounce Religion, Berserk


You were on level 4 of the Dungeon.
You worshipped Trog.
Trog was aware of your devotion.
You visited 1 branch of the dungeon, and saw 4 of its levels.

You collected 181 gold pieces.

Inventory:

Hand Weapons
 a - a +0 hand axe (weapon) {Chinhae}
 h - a +0 hand axe (offhand) {Hayata}
Missiles
 p - 6 poisoned darts
 q - 4 boomerangs
Armour
 b - a +0 chain mail (worn)
 d - a +0 cloak (worn)
 e - a +0 pair of boots (worn)
 k - a +0 pair of gloves (worn)
 o - a +0 hat
Scrolls
 c - 2 scrolls of teleportation {unknown}
 f - a scroll of amnesia
 n - a scroll of identify {unknown}
Potions
 g - a potion of degeneration {unknown}
 i - a potion of invisibility {unknown}
 j - a potion of heal wounds {unknown}
 l - a potion of curing {unknown}
 m - 2 potions of lignification {unknown}


   Skills:
 + Level 4.2 Fighting
 * Level 5.1 Axes
 + Level 3.1 Armour
 - Level 1.7 Dodging


You had 5 spell levels left.
You didn't know any spells.
Your spell library was empty.

Dungeon Overview and Level Annotations

Branches:
Dungeon (4/15)
 Temple: D:4-7

Altars:

Shops:
D:4 ([(

Annotations:
D:4 Dowan, Duvessa


Innate Abilities, Weirdness & Mutations

You can wield a second weapon in your off-hand.
It takes a long time for you to wield or remove held weapons.
Your first few attacks do less damage.
You cannot equip rings or amulets.


Message History

Duvessa hits you but does no damage.
You are poisoned.
Duvessa hits you but does no damage.
You are more poisoned.
You hit Duvessa but do no damage.
You barely miss Duvessa with your +0 hand axe.
You feel very sick. Duvessa hits you but does no damage.
You are more poisoned.
You hit Duvessa but do no damage. x2
You feel very sick.
Duvessa hits you with a +3 short sword of venom.
You are more poisoned.
Duvessa says, "When magic and the sword combine, nothing stands against them."
Duvessa hits you with a +3 short sword of venom!
You are lethally poisoned!
A red film seems to cover your vision as you go berserk!
You feel yourself moving faster!
You feel mighty!
You can no longer call upon Trog for regeneration and willpower.
You feel extremely sick.
Duvessa hits you with a +3 short sword of venom!
* * * LOW HITPOINT WARNING * * *
You are more poisoned.
Duvessa hits you with a +3 short sword of venom.
* * * LOW HITPOINT WARNING * * *
You are more poisoned.
You hit Duvessa with your +0 hand axe.
Duvessa is lightly wounded.
You barely miss Duvessa with your +0 hand axe.
* * * LOW HITPOINT WARNING * * *
You feel extremely sick.
Dowan mumbles some strange words.
Dowan blinks!
Duvessa hits you with a +3 short sword of venom.
* * * LOW HITPOINT WARNING * * *
You are more poisoned.
You slice Duvessa with your +0 hand axe!!
Duvessa is severely wounded.
You hit Duvessa with your +0 hand axe.
You die...

.....## #.....# #.# #
##....## .e#. #..##..#
##.... ...##..## #.....#
.....#..###...#..#
.........#..# #ยง#
..##......# #e# #.
###...## #@# #. ##..#
#.## #..###...# ##..##
#........# ##....####
#........## ##..........
..##......###....#####..
. ###....##....## .
#.##........#
####.......##


You could see Duvessa (fast) and Dowan.

Vanquished Creatures
  Pargi (D:3)
  A howler monkey (D:4)
  Jessica (D:2)
  Terence (D:3)
  2 adders (D:3)
  A dart slug (D:3)
  An orc (D:3)
  4 bats
  5 endoplasms
  3 giant cockroaches
  4 goblins
  6 hobgoblins
  4 kobolds
  2 quokkas
  7 ball pythons
  A frilled lizard (D:1)
  A rat (D:1)
45 creatures vanquished.

Notes
Turn   | Place    | Note
-------+----------+-------------------------------------------
     0 | D:1      | runemasterragnar the Coglin Berserker began the quest for
                  | the Orb.
     0 | D:1      | Reached XP level 1. HP: 18/18 MP: 1/1
   136 | D:1      | Reached XP level 2. HP: 15/24 MP: 2/2
  1093 | D:2      | Noticed Jessica
  1095 | D:2      | Killed Jessica
  1096 | D:2      | Reached XP level 3. HP: 29/29 MP: 3/3
  1192 | D:2      | Found a faded altar of an unknown god.
  1412 | D:3      | Reached skill level 4 in Axes
  1412 | D:3      | Reached XP level 4. HP: 35/35 MP: 4/4
  1413 | D:3      | Noticed Terence
  1426 | D:3      | Killed Terence
  1764 | D:3      | Noticed Pargi
  1777 | D:3      | Killed Pargi
  1778 | D:3      | Reached XP level 5. HP: 30/42 MP: 5/5
  2271 | D:4      | Found Qofix's Weapon Shoppe.
  2272 | D:4      | Found Zehinoux's Antique Armour Shoppe.
  2293 | D:4      | Reached skill level 5 in Axes
  2293 | D:4      | Reached XP level 6. HP: 48/48 MP: 6/6
  2440 | D:4      | Found Yppuentenn's Antique Weapon Emporium.
  2553 | D:4      | Reached ** piety under Trog
  2562 | D:4      | Noticed Duvessa
  2563 | D:4      | Noticed Dowan
  2569 | D:4      | HP: 3/72 [Duvessa/+3 short sword of venom (4)]
  2570 | D:4      | Succumbed to Duvessa's poison

Illustrated notes

Levels and vault maps discovered:
D:1:      dpeg_arrival_yet_another_circle, layout_loops_ring
D:2:      layout_basic, shapermc_ecumenical_altar_mp_vishouse,
          nicolae_concentric_dashed_squares_mild, uniq_jessica
D:3:      layout_loops_ring, uniq_terence, uniq_pargi
D:4:      layout_layer_cave, serial_shops, shop, shop, shop,
          nicolae_shop_tiny_waterfront, nicolae_shop_just_a_little_nook,
          uniq_duvessa

Skill      XL: |  1  2  3  4  5 |
---------------+----------------+-----
Armour         | 2 3 |  3.1
Axes           | 4 5 |  5.1
Fighting       | 4 |  4.2
Dodging        | |  1.7

Action                     |  1- 3 |  4- 6 || total
---------------------------+-------+-------++-------
  Melee: Hand axe          |    56 |   119 ||   175
         Dagger            |    18 |       ||    18
 Invoke: Berserk           |       |     2 ||     2
    Use: Scroll            |       |     4 ||     4
   Stab: Sleeping          |     1 |       ||     1
 Armour: Animal skin       |    29 |       ||    29
         Scale mail        |     1 |     8 ||     9
         Chain mail        |       |    60 ||    60
  Dodge: Dodged            |    24 |    33 ||    57

Table legend: (Time is in decaauts)
 A = Elapsed time spent in this place.
 B = Non-inter-level travel time spent in this place.
 C = Inter-level travel time spent in this place.
 D = Time resting spent in this place.
 E = Time spent auto-exploring this place.
 F = Levels seen in this place.
 G = Mean time per level.
                   A        B        C        D        E       F      G
               +--------+--------+--------+--------+--------+-----+--------+
         Total |   2584 |   2366 |    218 |      1 |   1980 |   4 |  646.0 |
       Dungeon |   2584 |   2366 |    218 |      1 |   1980 |   4 |  646.0 |
               +--------+--------+--------+--------+--------+-----+--------+

Top non-repeatable levels by time:
     D:1: 950 daAuts
     D:3: 882 daAuts
     D:2: 451 daAuts
     D:4: 299 daAuts
